 Dungeon Crawl Stone Soup version 0.24.0-13-gcf9b319 (webtiles) character file.

Game seed: 17934683784470157481, levelgen mode: deterministic

109 Bronimir the Chiller (level 4, -4/30 HPs)
             Began as a Demonspawn Ice Elementalist on Mar 26, 2020.
             Slain by a gnoll
             ... wielding a +0 halberd
              (6 damage)
             ... on level 3 of the Dungeon.
             The game lasted 00:05:22 (2919 turns).

Bronimir the Chiller (Demonspawn Ice Elementalist)  Turns: 2919, Time: 00:05:22

Health: -4/30      AC:  5    Str: 10    XL:     4   Next: 59%
Magic:  4/7        EV: 12    Int: 16    God:
Gold:   98         SH:  0    Dex: 13    Spells: 1/7 levels left

rFire    . . .     SeeInvis .   a - +0 spear
rCold    . . .     Gourm    .   (no shield)
rNeg     . . .     Faith    .   g - +0 leather armour
rPois    .         Spirit   .   (no helmet)
rElec    .         Reflect  .   (no cloak)
rCorr    .         Harm     .   (no gloves)
MR       .....                  (no boots)
Stlth    +.........             (no amulet)
HPRegen  0.10/turn              m - ring of wizardry
MPRegen  0.10/turn              p - ring of attention (curse)

@: no status effects
A: talons 1, molten scales 1, rot immunity
a: no special abilities


You were on level 3 of the Dungeon.
You were hungry.

You visited 1 branch of the dungeon, and saw 3 of its levels.

You collected 98 gold pieces.

Inventory:

Hand Weapons
 a - a +0 spear (weapon)
 b - a +0 hunting sling
 e - a +0 club
 j - a +0 mace
Missiles
 f - 35 arrows
 i - 37 bolts
 o - 59 stones (quivered)
Armour
 d - a +0 robe
 g - a +0 leather armour (worn)
 t - a cursed +0 ring mail
Jewellery
 m - a ring of wizardry (left hand)
 p - a cursed ring of attention (right hand)
Scrolls
 h - a scroll of immolation
 l - 2 scrolls of identify
 n - 2 scrolls of amnesia
Potions
 q - a potion of flight {unknown}
 r - a potion of brilliance {unknown}
 s - 2 potions of curing {unknown}
Comestibles
 c - 2 rations


   Skills:
 + Level 0.1 Maces & Flails
 + Level 0.1 Polearms
 * Level 1.4 Armour
 + Level 2.3 Dodging
 - Level 1.7 Stealth
 + Level 2.4 Spellcasting
 * Level 1.0 Conjurations
 * Level 3.9 Ice Magic


You had one spell level left.
You knew the following spells:

 Your Spells              Type           Power        Failure   Level  Hunger
a - Freeze                Ice            ##..         2%          1    #......
b - Throw Frost           Conj/Ice       #.....       6%          2    ###....
c - Ozocubu's Armour      Chrm/Ice       #.......     14%         3    ###....

Your spell library contained the following spells:

 Spells                   Type           Power        Failure   Level  Hunger
 Throw Icicle             Conj/Ice       #.......     34%         4    #####..
 Summon Ice Beast         Ice/Summ       #.......     41%         4    #####..


Dungeon Overview and Level Annotations

Branches:
Dungeon (3/15)

Altars:


Innate Abilities, Weirdness & Mutations

You have sharp toenails.
You are partially covered in molten scales. (AC +2)
You are immune to rotting.


Message History

Casting: Ozocubu's Armour (safe; 14% risk of failure)
Confirm with . or Enter, or press ? or * to list all spells.
A film of ice covers your body! The gnoll barely misses you.
The gnoll closely misses you.
You barely miss the gnoll. The gnoll hits you with a +0 flail.
The orc priest invokes the aid of Beogh against you.
Beogh smites you!
Ouch! That really hurt!
The orc barely misses you. The gnoll closely misses you.
You are too injured to fight recklessly!
You are too injured to fight recklessly!
You are too injured to fight recklessly!
Your icy armour cracks and falls away as you move.
The orc priest miscasts a cantrip.
A kobold comes into view. It is wielding a +0 whip.
There is a stone staircase leading up here.
The gnoll hits you with a +0 flail!
* * * LOW HITPOINT WARNING * * *
The gnoll hits you from afar with a +0 halberd.
You die...

## ..# ....... .#..#
#....... .#K# #....... .
#o.## #..... ..#####...#
#.... ....?.....#
#..########
..#....go.####..#......#
#....go.......#......#
#....@....##.##......#
#.........##.##.......
#.........##.#######..
#.....>...##.# ###..
#...........##.# #....
#...........##.# #....
#...........##.#####)...
#...........##..........
#.........#.##########..


You could see an orc priest, 2 gnolls, 2 orcs and a kobold.

Vanquished Creatures
  5 adders
  3 oozes
  A dart slug (D:1)
  A leopard gecko (D:1)
  A giant cockroach (D:2)
  6 hobgoblins
  7 jackals
  A ball python (D:1)
  2 bats
  3 frilled lizards
  6 goblins
  5 kobolds
  9 rats
50 creatures vanquished.

Notes
Turn   | Place    | Note
-------+----------+-------------------------------------------
     0 | D:1      | Bronimir the Demonspawn Ice Elementalist began the quest
                  | for the Orb.
     0 | D:1      | Reached XP level 1. HP: 13/13 MP: 3/3
     2 | D:1      | Noticed a ghoul
     2 | D:1      | Noticed a naga
     4 | D:1      | Noticed a merfolk
     4 | D:1      | Noticed a human
     6 | D:1      | Noticed a formicid
     8 | D:1      | Noticed a troll
     8 | D:1      | Noticed a draconian
    10 | D:1      | Noticed an elf
    10 | D:1      | Noticed a tengu
    13 | D:1      | Noticed a demigod
    13 | D:1      | Noticed a felid
    15 | D:1      | Noticed a vine stalker
    15 | D:1      | Noticed a dwarf
    17 | D:1      | Noticed a spriggan
    19 | D:1      | Noticed a centaur
    19 | D:1      | Noticed a demonspawn
    21 | D:1      | Noticed a gargoyle
    23 | D:1      | Noticed a halfling
    25 | D:1      | Noticed an ogre
    25 | D:1      | Noticed a vampire
    27 | D:1      | Noticed an octopode
    27 | D:1      | Noticed a minotaur
   764 | D:1      | Reached skill level 3 in Ice Magic
   766 | D:1      | Gained mutation: You are partially covered in molten
                  | scales. (AC +2) [demonic ancestry]
   766 | D:1      | Reached XP level 2. HP: 11/19 MP: 1/5
   873 | D:1      | Learned a level 2 spell: Throw Frost
  1323 | D:1      | Gained mutation: You are immune to rotting. [demonic
                  | ancestry]
  1323 | D:1      | Reached XP level 3. HP: 24/24 MP: 1/6
  1590 | D:2      | You fall into a shaft and drop 1 floor!
  2206 | D:2      | Learned a level 3 spell: Ozocubu's Armour
  2235 | D:2      | Gained mutation: You have sharp toenails. [demonic
                  | ancestry]
  2235 | D:2      | Reached XP level 4. HP: 28/30 MP: 4/7
  2432 | D:2      | Reached skill level 1 in Armour
  2919 | D:3      | Slain by a gnoll

Levels and vault maps discovered:
D:1:      kb_arrival_jail, layout_loops_ring, minmay_tripent
D:2:      layout_basic
D:3:      minmay_angry_zag, layout_basic, lemuel_round_altar, minmay_distorted

Skill      XL: |  1  2  3  4 |
---------------+-------------+-----
Dodging        | 2 |  2.3
Ice Magic      | 3 |  3.9
Armour         | 1 |  1.4
Maces & Flails | |  0.1
Polearms       | |  0.1
Stealth        | |  1.7
Spellcasting   | |  2.4
Conjurations   | |  1.0

Action                   |  1- 3 |  4- 6 || total
-------------------------+-------+-------++-------
Melee: Mace              |    34 |       ||    34
       Spear             |    68 |    53 ||   121
       Kick              |       |     8 ||     8
 Cast: Freeze            |    39 |     6 ||    45
       Throw Frost       |     4 |       ||     4
       Ozocubu's Armour  |     1 |     2 ||     3
  Use: Scroll            |     3 |       ||     3
 Stab: Sleeping          |     1 |       ||     1
  Eat: Chunk             |     5 |     2 ||     7
Armor: Robe              |     9 |       ||     9
       Leather armour    |    28 |    30 ||    58
Dodge: Dodged            |    84 |    51 ||   135
